Map: Galactic Process LE

Players

hinO - Winner!

  • Race: Zerg Zerg
  • League: Master
  • Spawn Location: 7:00

IlIlIlIlIlIl

  • Race: Zerg Zerg
  • League: Grandmaster
  • Spawn Location: 1:00

VOD

Have the link to the VOD?

Description

Time

  • Played on: Oct. 4, 2016, 3:40 a.m.
  • Length: 4:01
Show
View Real Time Build Order
Export as new Build Order

hinO Zerg - Winner!

Build Orders: Pool Only 

Get SALT Encoding   

  12  0:02  Drone  
  13  0:22  Spawning Pool  
  13  0:26  Drone  
  13  0:31  Drone  
  14  0:35  Drone, Extractor  
  14  0:46  Overlord  
  14  1:09  Zergling x6  
  14  1:11  Queen  
  19  1:20  Zergling x2  
  20  1:31  Zergling x2  
  21  1:34  Metabolic Boost  
  21  1:42  Zergling x2  
  22  1:55  Baneling Nest  
  22  1:56  Zergling x2  
  22  2:04  Overlord  
  22  2:23  Zergling x8  
  24  2:39  Zergling x2  
  24  2:42  Baneling x2  
  25  2:52  Zergling x8  
  25  2:55  Baneling x2  
  26  3:13  Zergling x4  
  26  3:25  Zergling x2  
  24  3:36  Baneling x2  
  24  3:39  Zergling x6  
Show
View Real Time Build Order
Export as new Build Order

IlIlIlIlIlIl Zerg 

Build Orders: Hatch First 

Get SALT Encoding   

  12  0:00  Drone  
  13  0:13  Overlord  
  13  0:17  Drone  
  14  0:31  Drone x2  
  16  0:37  Drone  
  17  0:54  Hatchery  
  16  0:59  Drone  
  16  1:00  Drone  
  16  1:03  Extractor  
  17  1:16  Spawning Pool  
  16  1:19  Drone  
  16  1:22  Drone  
  18  1:29  Drone  
  19  1:40  Overlord  
  19  2:03  Zergling x4  
  19  2:06  Baneling Nest  
  20  2:09  Queen, Zergling x2  
  20  2:10  Queen  
  26  2:20  Metabolic Boost  
  25  2:38  Zergling x4  
  25  2:43  Zergling x4  
  27  3:08  Zergling x6  
  25  3:18  Baneling Nest  
  24  3:20  Zergling x2  
  24  3:21  Zergling x4  
  27  3:32  Zergling x2  
Tags
 
Add a new tag
Caveats
  • Supply blocks, unpowered buildings, or Contaminate may cause inaccurate times.
  • Supply counts are checked every 10 seconds.